 Dungeon Sprint DCSS version 0.26-a0-649-gf8c6c3aab7 (webtiles) character file.

Game seed: 8758476241856718378

7942 Conn the Eclecticist (level 11, -3/67 HPs)
             Began as an Octopode Hedge Wizard on Sept 27, 2020.
             Was a High Priest of Sif Muna.
             Slain by a demonic crawler (11 damage)
             ... in the Dungeon (Sprint I: "Red Sonja").
             The game lasted 00:37:50 (3342 turns).

Conn the Eclecticist (Octopode Hedge Wizard)        Turns: 3342, Time: 00:37:54

Health: -3/67      AC: -1    Str:  9    XL:     11   Next: 23%
Magic:  4/24       EV: 15    Int: 24    God:    Sif Muna [*****.]
Gold:   175        SH:  0    Dex: 14    Spells: 0/40 levels left

rFire    + + .     SeeInvis +   s - +9 scimitar of Xisorch {vorpal, rElec}
rCold    + . .     Faith    .   (no shield)
rNeg     + . .     Spirit   .   o - -2 hat of the Alchemist {rElec rPois rF+ rC+ rN+ MR+ rMut rCorr}
rPois    +         Reflect  .   (no amulet)
rElec    +         Harm     .   u - ring "Coluranlout" {rF+ Int+4 SInv}
rCorr    +         Rampage  .   (no ring)
rMut     +         NoTele   +   (no ring)
MR       +....                  (no ring)
Stlth    +++++.....             (no ring)
HPRegen  0.00/turn              (no ring)
MPRegen  0.19/turn              (no ring)
                                (no ring)

@: no status effects
A: almost no armour, stealthy swim, amphibious, 8 rings, constrict 8, camouflage
1, agile 1, low mp 2, electricity resistance, inhibited regeneration, gelatinous
body 1
a: Channel Magic, Forget Spell, Divine Exegesis, Renounce Religion


You were in the Dungeon.
You worshipped Sif Muna.
Sif Muna was extremely pleased with you.
You visited 1 branch You collected 1109 gold pieces.
You spent 934 gold pieces at shops.

Inventory:

Hand Weapons
 a - a +0 dagger
 d - a +1 short sword of venom
 e - a +2 long sword of draining
 l - a +1 dagger of venom
 p - a +0 longbow
 r - the cursed +0 fustibalus of the Sugar Beet {flame, *Slow +Blink rC++ Str-2, unknown}
   (You found it in the Dungeon)

   It causes projectiles fired from it to burn those they strike, causing extra
   injury to most foes and up to half again as much damage against particularly
   susceptible opponents.
   It affects your strength (-2).
   It greatly protects you from cold.
   It lets you blink.
   It may slow you when you take damage.
   It has a curse placed upon it.
 s - the +9 scimitar of Xisorch (weapon) {vorpal, rElec}
   (You found it in the Dungeon)

   It inflicts extra damage upon your enemies.
   It insulates you from electricity.
Missiles
 m - 7 curare-tipped darts (quivered)
 q - 59 arrows
Armour
 b - a +0 hat
 o - the -2 hat of the Alchemist (worn) {rElec rPois rF+ rC+ rN+ MR+ rMut rCorr}
   (You bought it in a shop in the Dungeon)

   It protects you from fire.
   It protects you from cold.
   It insulates you from electricity.
   It protects you from poison.
   It protects you from negative energy.
   It affects your resistance to hostile enchantments.
   It provides partial protection from all sources of acid and corrosion.
   It protects you from mutation.
Jewellery
 u - the ring "Coluranlout" (left tentacle) {rF+ Int+4 SInv}
   (You bought it in a shop in the Dungeon)

   [ring of see invisible]

   It affects your intelligence (+4).
   It protects you from fire.
   It lets you see invisible.
Wands
 c - a wand of digging (2)
 k - a wand of paralysis (8)
Scrolls
 i - a scroll of blinking
 n - a scroll of immolation
 t - a scroll of vulnerability {unknown}
Potions
 f - a potion of haste
 g - a potion of resistance {unknown}
 h - a potion of invisibility
 j - a potion of lignification


   Skills:
 + Level 3.1 Fighting
 + Level 5.4(5.5) Short Blades
 + Level 1.1(3.5) Long Blades
 + Level 2.0 Throwing
 + Level 4.8 Dodging
 + Level 9.5 Stealth
 * Level 15.1 Spellcasting
 * Level 9.5 Conjurations
 + Level 1.6 Hexes
 + Level 8.2 Summonings
 - Level 6.4 Translocations
 - Level 3.4 Transmutations
 + Level 5.4 Fire Magic
 * Level 4.7 Ice Magic
 + Level 4.5 Air Magic
 + Level 5.9 Earth Magic
 - Level 4.6 Poison Magic
 + Level 1.1 Evocations


You couldn't memorise any spells.
You knew the following spells:

 Your Spells              Type           Power        Failure   Level
a - Magic Dart            Conj           ####         1%          1
b - Blink                 Tloc           N/A          1%          2
c - Call Imp              Summ           ######..     1%          2
d - Conjure Flame         Conj/Fire      ######..     1%          3
e - Mephitic Cloud        Conj/Pois/Air  #####...     1%          3
f - Slow                  Hex            ####....     2%          2
g - Petrify               Tmut/Erth      #####...     4%          4
h - Sticky Flame          Conj/Fire      ######..     1%          4
i - Hailstorm             Conj/Ice       ######..     1%          4
j - Lightning Bolt        Conj/Air       ######....   4%          5
k - Summon Guardian Gole  Hex/Summ       #####...     1%          3
l - Iskenderun's Mystic   Conj/Tloc      ######..     1%          4
m - Ignite Poison         Fire/Tmut/Pois #####...     1%          3

Your spell library contained the following spells:

 Spells                   Type           Power        Failure   Level
 Summon Small Mammal      Summ           ####         1%          1
 Poisonous Vapours        Pois/Air       #####.       1%          2
 Gell's Gravitas          Tloc           #####.....   1%          3
 Spider Form              Tmut/Pois      #####.....   1%          3
 Summon Lightning Spire   Summ/Air       #####...     2%          4
 Confusing Touch          Hex            ####....     4%          3
 Olgreb's Toxic Radiance  Pois           #####...     4%          4
 Starburst                Conj/Fire      ######....   22%         6
 Metabolic Englaciation   Hex/Ice        ####......   24%         5
 Yara's Violent Unravell  Hex/Tmut       ####......   30%         5
 Freezing Cloud           Conj/Ice/Air   #####.....   34%         6
 Statue Form              Tmut/Erth      #####....    56%         6
 Summon Hydra             Summ           ######....   65%         7
 Eringya's Noxious Bog    Tmut/Pois      #####.....   67%         6


Dungeon Overview and Level Annotations

Branches:
Dungeon (1/1)

Altars:
Cheibriados
Dithmenos
Elyvilon
Fedhas
Gozag
Hepliaklqana
Kikubaaqudgha
Makhleb
Nemelex Xobeh
Okawaru
Qazlal
Ru
Sif Muna
Trog
Uskayaw
Vehumet
Wu Jian
Xom
Yredelemnul
Zin
The Shining One
Jiyva
Lugonu

Shops:
D (*!!*}*?*}}(*!([:([[:


Innate Abilities, Weirdness & Mutations

You cannot wear most types of armour.
You are very stealthy in the water. (Stealth+)
You are amphibious.
You can wear up to eight rings at the same time.
You can use your tentacles to constrict eight enemies at once.
Your skin changes colour to match your surroundings (Stealth+).
Your rubbery body absorbs attacks. (AC +1, EV +1)
You are agile. (Dex +2)
Your magical capacity is very low. (-20% MP)
You are resistant to electric shocks. (rElec)
You do not regenerate when monsters are visible.


Message History

The demonic crawler is moderately wounded.
Casting: Lightning Bolt (dangerous; 4% risk of failure)
Confirm with . or Enter, or press ? or * to list all spells.
You erupt in a blast of force!
The mystic blast hits the demonic crawler but does no damage.
The demonic crawler is heavily wounded.
The mystic blast hits the demonic crawler!
The demonic crawler is heavily wounded.
The demonic crawler hits you. x3; The demonic crawler hits you!
The demonic crawler completely misses you.
The demonic crawler barely misses you.
Unknown command.
Casting: Iskenderun's Mystic Blast (dangerous; 1% risk of failure)
Confirm with . or Enter, or press ? or * to list all spells.
A guardian golem appears, shielding your allies.
The demonic crawler hits you. x2; The demonic crawler hits you!
The demonic crawler misses you. The demonic crawler hits you!
* * * LOW HITPOINT WARNING * * *
The demonic crawler hits you!
You die...

##########################
#<.#.)'..#..'8s#__#..')..#
#..'..#..'.)#.@s^.'..#.).##+#
#...####'#####s#__####..s'.s#
#..####..#...#(####.§#####..+
#..#__####..##[#≈≈§.§#..# ##
#.[#_____##'#_.'≈)§§.'§.#
#⌠⌠#_.∩...'..._#≈≈≈§.#.§#
#.##_..__##_.#'##'#####'###
#..#_____###'#.#.§§.###.'.#
############.####'###(###.#


You could see 3 demonic crawlers and a friendly guardian golem (summoned).

Vanquished Creatures
  2 centaur warriors (D)
  Sonja (D)
  2 unseen horrors (D)
  A deep troll (D)
  An oklob plant (D)
  A shining eye (D)
  2 kobold demonologists (D)
  A hornet (D)
  A slime creature (D)
  2 redbacks (D)
  A yak (D)
  2 floating eyes (D)
  7 necrophages (D)
  8 jellies (D)
  Ijyb (D)
  2 ballistomycete spores (D)
35 creatures vanquished.

Vanquished Creatures (collateral kills)
  7 shining eyes (D)
  Sigmund (D)
  4 floating eyes (D)
  An ogre (D)
13 creatures vanquished.

Vanquished Creatures (others)
  the Lernaean hydra (D)
  A merfolk siren (D)
  A gargoyle (D)
  3 hornets (D)
6 creatures vanquished.

Grand Total: 54 creatures vanquished

Notes
Turn   | Place    | Note
-------+----------+-------------------------------------------
     0 | D        | Conn the Octopode Hedge Wizard began the quest for the Orb.
     0 | D        | Reached XP level 1. HP: 11/11 MP: 4/4
     2 | D        | Noticed Ijyb
    22 | D        | Killed Ijyb
    22 | D        | Reached skill level 1 in Short Blades
    22 | D        | Reached skill level 5 in Spellcasting
    22 | D        | Reached XP level 2. HP: 10/18 MP: 4/8
    22 | D        | Reached XP level 3. HP: 12/22 MP: 4/9
    30 | D        | Learned a level 2 spell: Blink
    33 | D        | Learned a level 2 spell: Call Imp
    37 | D        | Learned a level 3 spell: Conjure Flame
    41 | D        | Learned a level 3 spell: Mephitic Cloud
   207 | D        | Noticed an ogre
   230 | D        | Killed an ogre
   230 | D        | Reached skill level 6 in Spellcasting
   230 | D        | Reached skill level 1 in Air Magic
   230 | D        | Reached skill level 1 in Poison Magic
   230 | D        | Reached XP level 4. HP: 27/27 MP: 0/12
   333 | D        | Noticed Sigmund
   345 | D        | Killed Sigmund
   345 | D        | Reached skill level 1 in Fighting
   345 | D        | Reached skill level 8 in Spellcasting
   345 | D        | Reached XP level 5. HP: 33/33 MP: 6/15
   410 | D        | Learned a level 2 spell: Slow
   420 | D        | Found an ornate altar of the Wu Jian Council.
   420 | D        | Found a shimmering blue altar of Sif Muna.
   422 | D        | Found a radiant altar of Vehumet.
   426 | D        | Reached XP level 6. HP: 32/38 MP: 17/17
   428 | D        | Became a worshipper of Sif Muna the Loreminder
   473 | D        | Found Agrukk's Distillery.
   473 | D        | Found an ancient bone altar of Kikubaaqudgha.
   473 | D        | Found a hazy altar of Hepliaklqana.
   473 | D        | Found a stormy altar of Qazlal.
   473 | D        | Found a hide-covered altar of Uskayaw.
   473 | D        | Found a blossoming altar of Fedhas.
   473 | D        | Found a bloodstained altar of Trog.
   473 | D        | Found an iron altar of Okawaru.
   473 | D        | Found a basalt altar of Yredelemnul.
   473 | D        | Found a glowing golden altar of the Shining One.
   473 | D        | Found a snail-covered altar of Cheibriados.
   473 | D        | Found a sacrificial altar of Ru.
   473 | D        | Found a glowing silver altar of Zin.
   473 | D        | Found a shadowy altar of Dithmenos.
   473 | D        | Found a white marble altar of Elyvilon.
   473 | D        | Noticed a yak
   474 | D        | Found an opulent altar of Gozag.
   490 | D        | Killed a yak
   490 | D        | Reached skill level 9 in Spellcasting
   493 | D        | Found a sparkling altar of Nemelex Xobeh.
   497 | D        | Bought a potion of invisibility for 88 gold pieces
   582 | D        | Found a burning altar of Makhleb.
   582 | D        | Found a viscous altar of Jiyva.
   582 | D        | Found a shimmering altar of Xom.
   582 | D        | Found a corrupted altar of Lugonu.
   582 | D        | Noticed a slime creature
   592 | D        | Killed a slime creature
   592 | D        | Reached skill level 5 in Stealth
   592 | D        | Reached XP level 7. HP: 44/44 MP: 13/20
   653 | D        | Noticed a kobold demonologist
   654 | D        | Paralysed by a floating eye for 4 turns
   654 | D        | Noticed a kobold demonologist
   661 | D        | Reached * piety under Sif Muna
   661 | D        | Reached skill level 10 in Spellcasting
   673 | D        | Killed a kobold demonologist
   673 | D        | Reached skill level 5 in Conjurations
   673 | D        | Reached skill level 5 in Translocations
   673 | D        | Reached XP level 8. HP: 49/50 MP: 17/22
   686 | D        | Killed a kobold demonologist
   736 | D        | Noticed Sonja
   754 | D        | Killed Sonja
   754 | D        | Reached ** piety under Sif Muna
   754 | D        | Reached skill level 11 in Spellcasting
   754 | D        | Reached skill level 1 in Hexes
   754 | D        | Reached skill level 5 in Summonings
   754 | D        | Reached skill level 5 in Fire Magic
   754 | D        | Reached XP level 9. HP: 39/55 MP: 10/24
  1078 | D        | Found Xierotidor's Weapon Boutique.
  1098 | D        | Noticed a deep troll
  1133 | D        | Killed a deep troll
  1133 | D        | Reached skill level 12 in Spellcasting
  1166 | D        | Found Ninedais's Armour Emporium.
  1350 | D        | Learned a level 4 spell: Petrify
  1378 | D        | Noticed a shining eye
  1378 | D        | Noticed a shining eye
  1378 | D        | Noticed a shining eye
  1461 | D        | Gained mutation: You do not regenerate when monsters are
                  | visible. [a shining eye]
  1483 | D        | Gained mutation: Your magical capacity is low. (-10% MP) [a
                  | shining eye]
  1508 | D        | Gained mutation: You are resistant to electric shocks.
                  | (rElec) [a shining eye]
  1517 | D        | Killed a shining eye
  1517 | D        | Reached skill level 1 in Transmutations
  1517 | D        | Reached skill level 1 in Earth Magic
  1547 | D        | Paralysed by a floating eye for 2 turns
  1555 | D        | Paralysed by a floating eye for 3 turns
  1559 | D        | Paralysed by a floating eye for 2 turns
  1564 | D        | Paralysed by a floating eye for 4 turns
  1569 | D        | Paralysed by a floating eye for 2 turns
  1575 | D        | Paralysed by a floating eye for 2 turns
  1585 | D        | Paralysed by a floating eye for 3 turns
  1591 | D        | Killed a shining eye
  1591 | D        | Reached *** piety under Sif Muna
  1602 | D        | Noticed a shining eye
  1602 | D        | Noticed a shining eye
  1602 | D        | Noticed a shining eye
  1695 | D        | Killed a shining eye
  1700 | D        | Reached **** piety under Sif Muna
  1729 | D        | Killed a shining eye
  1729 | D        | Reached skill level 13 in Spellcasting
  1756 | D        | Killed a shining eye
  1756 | D        | Reached XP level 10. HP: 62/62 MP: 24/24
  1788 | D        | Killed a shining eye
  1795 | D        | Noticed a shining eye
  1795 | D        | Noticed a shining eye
  1805 | D        | Paralysed by a floating eye for 3 turns
  1815 | D        | Gained mutation: Your magical capacity is very low. (-20%
                  | MP) [a shining eye]
  1841 | D        | Killed a shining eye
  1841 | D        | Reached ***** piety under Sif Muna
  1841 | D        | Identified Sif Muna's Catalogue of Confrontation and Stones
                  | (Sif Muna gifted it to you in the Dungeon)
  1841 | D        | Received a gift from Sif Muna
  1854 | D        | Gained mutation: You are agile. (Dex +2) [a shining eye]
  1871 | D        | Killed a shining eye
  1881 | D        | Found Forinoid's General Store.
  1881 | D        | Found Wipt's General Store.
  1881 | D        | Found Buvistysup's Distillery.
  1881 | D        | Found Uneziumi's Gadget Boutique.
  1886 | D        | Bought the -2 hat of the Alchemist {rElec rPois rF+ rC+ rN+
                  | MR+ rMut rCorr} for 472 gold pieces
  1886 | D        | Found the -2 hat of the Alchemist {rElec rPois rF+ rC+ rN+
                  | MR+ rMut rCorr}
  1952 | D        | Learned a level 4 spell: Sticky Flame
  1957 | D        | Learned a level 4 spell: Hailstorm
  1963 | D        | Learned a level 5 spell: Lightning Bolt
  1965 | D        | Noticed a centaur warrior
  1969 | D        | Noticed a centaur warrior
  1989 | D        | Killed a centaur warrior
  1989 | D        | Reached skill level 1 in Throwing
  1989 | D        | Reached skill level 1 in Ice Magic
  1993 | D        | Killed a centaur warrior
  1993 | D        | Reached skill level 14 in Spellcasting
  1999 | D        | Killed a merfolk siren
  2058 | D        | Paralysed by a hornet for 1 turns
  2183 | D        | Noticed an oklob plant
  2188 | D        | Killed an oklob plant
  2302 | D        | Reached skill level 5 in Earth Magic
  2427 | D        | Identified Sif Muna's Tome of Too Many Cooks (Sif Muna
                  | gifted it to you in the Dungeon)
  2427 | D        | Received a gift from Sif Muna
  2427 | D        | Reached skill level 1 in Long Blades
  2435 | D        | Learned a level 3 spell: Summon Guardian Golem
  2440 | D        | Learned a level 4 spell: Iskenderun's Mystic Blast
  2617 | D        | Killed the 27-headed Lernaean hydra
  2620 | D        | Identified Sif Muna's Incunabulum of Venom (Sif Muna gifted
                  | it to you in the Dungeon)
  2620 | D        | Received a gift from Sif Muna
  2620 | D        | Reached XP level 11. HP: 62/62 MP: 2/23
  2627 | D        | Reached skill level 1 in Evocations
  2630 | D        | Reached skill level 5 in Short Blades
  2641 | D        | Killed an unseen horror
  2641 | D        | Killed an unseen horror
  2641 | D        | HP: 2/100 [something/exploding inner flame[the player
                  | character] (8)]
  2641 | D        | Reached skill level 15 in Spellcasting
  2941 | D        | Learned a level 3 spell: Ignite Poison
  2945 | D        | Found Hisur's Magic Scroll Shoppe.
  2946 | D        | Found Rirphile's Assorted Antiques.
  2987 | D        | Found Amuptoh's Assorted Antiques.
  3006 | D        | Got an encrusted fustibalus
  3008 | D        | Got a crude scimitar
  3009 | D        | Identified the +9 scimitar of Xisorch {vorpal, rElec} (You
                  | found it in the Dungeon)
  3018 | D        | Found Umianoy's Gadget Emporium.
  3018 | D        | Found Piocra Peuwk's Gadget Shop.
  3018 | D        | Found Qabb's Weapon Shoppe.
  3018 | D        | Found Rump's General Store.
  3018 | D        | Found Wahuas's Distillery.
  3018 | D        | Found Likh's Weapon Shop.
  3018 | D        | Found Cisosomp's Antique Armour Shoppe.
  3022 | D        | Found Hiym's Book Boutique.
  3023 | D        | Found Sueda's Armour Emporium.
  3023 | D        | Found Aralairr's Antique Weapon Boutique.
  3024 | D        | Found Orphilao's Book Emporium.
  3043 | D        | Bought the ring "Coluranlout" {rF+ Int+4 SInv} for 374 gold
                  | pieces
  3342 | D        | Slain by a demonic crawler

Illustrated notes

Levels and vault maps discovered:
D:        dungeon_sprint_1 [red_sonja_temple_1, red_sonja_temple_small_1]

Skill      XL: |  1  2  3  4  5  6  7  8  9 10 11 |
---------------+----------------------------------+-----
Short Blades   | 1 2 3 4 5 |  5.4
Dodging        | 3 4 |  4.8
Stealth        | 3 4 5 6 7 8 9 |  9.5
Spellcasting   | 5 6 8 9 10 11 13 14 15 | 15.1
Air Magic      | 1 2 3 4 |  4.5
Poison Magic   | 1 3 4 |  4.6
Fighting       | 1 2 3 |  3.1
Conjurations   | 3 4 5 6 7 9 |  9.5
Summonings     | 2 3 4 5 6 8 |  8.2
Translocations | 2 3 4 5 6 |  6.4
Fire Magic     | 2 4 5 |  5.4
Hexes          | 1 |  1.6
Transmutations | 2 3 |  3.4
Earth Magic    | 2 5 |  5.9
Throwing       | 2 |  2.0
Ice Magic      | 3 4 |  4.7
Long Blades    | 1 |  1.1
Evocations     | 1 |  1.1

Action                   |  1- 3 |  4- 6 |  7- 9 | 10-12 || total
-------------------------+-------+-------+-------+-------++-------
Melee: Dagger            |    11 |    13 |    37 |    37 ||    98
       Tentacles         |     2 |     4 |     6 |     5 ||    17
       Constrict         |     1 |     1 |     8 |     8 ||    18
       Long sword        |       |       |     1 |     8 ||     9
Throw: Dart              |       |       |     1 |     7 ||     8
 Cast: Magic Dart        |     2 |     4 |    11 |     7 ||    24
       Call Imp          |     4 |     3 |    25 |    22 ||    54
       Blink             |     1 |     1 |     3 |       ||     5
       Mephitic Cloud    |       |     4 |     8 |    13 ||    25
       Conjure Flame     |       |     1 |     1 |       ||     2
       Slow              |       |       |     2 |     1 ||     3
       Hailstorm         |       |       |       |     7 ||     7
       Iskenderun's Myst |       |       |       |     6 ||     6
       Sticky Flame      |       |       |       |     2 ||     2
       Summon Guardian G |       |       |       |     7 ||     7
       Lightning Bolt    |       |       |       |     5 ||     5
       Petrify           |       |       |       |     3 ||     3
       Ignite Poison     |       |       |       |     1 ||     1
Invok: Channel Magic     |       |       |       |     2 ||     2
Evoke: Wand              |     1 |       |       |     1 ||     2
  Use: Potion            |     1 |       |     1 |     6 ||     8
       Scroll            |       |       |       |     1 ||     1
 Stab: Sleeping          |       |     2 |       |     1 ||     3
       Confused          |       |     2 |     4 |     2 ||     8
       Paralysed         |       |       |       |     1 ||     1
       Petrified         |       |       |       |     3 ||     3
Armor: Skin              |       |       |       |    64 ||    64
Dodge: Dodged            |     6 |     2 |     9 |    10 ||    27

Table legend: (Time is in decaauts)
 A = Elapsed time spent in this place.
 B = Non-inter-level travel time spent in this place.
 C = Inter-level travel time spent in this place.
 D = Time resting spent in this place.
 E = Time spent auto-exploring this place.
 F = Levels seen in this place.
 G = Mean time per level.
                   A        B        C        D        E       F      G
               +--------+--------+--------+--------+--------+-----+--------+
         Total |   3330 |   3330 |      0 |   1820 |      0 |   1 | 3330.0 |
       Dungeon |   3330 |   3330 |      0 |   1820 |      0 |   1 | 3330.0 |
               +--------+--------+--------+--------+--------+-----+--------+

Top non-repeatable levels by time:
       D: 3330 daAuts
